 Dungeon Crawl Stone Soup version 0.29.1-2-gbd0b4ee654 (webtiles) character file.

Game seed: 8616216456092182175

131 GorkyZ the Chopper (level 5, -5/48 HPs)
             Began as a Gargoyle Gladiator on Nov 29, 2022.
             Slain by an orc wizard
             ... wielding a +2 dagger of electrocution
              (19 damage)
             ... on level 3 of the Dungeon.
             The game lasted 00:05:49 (2450 turns).

GorkyZ the Chopper (Gargoyle Gladiator)             Turns: 2450, Time: 00:05:50

Health: -5/48      AC: 22    Str: 18    XL:     5   Next: 14%
Magic:  5/5        EV:  2    Int:  8    God:
Gold:   84         SH:  5    Dex: 13    Spells: 4/4 levels left

rFire   . . .      SeeInvis .   a - +0 war axe
rCold   . . .      Faith    .   (no shield)
rNeg    + . .      Spirit   .   (body armour currently unavailable)
rPois   ∞          Reflect  +   (helmet currently unavailable)
rElec   .          Harm     .   (cloak currently unavailable)
rCorr   .          Rampage  .   (gloves currently unavailable)
Will    .....      NoTele   +   (boots currently unavailable)
Stlth   +.........              j - amulet of reflection
HPRegen 0.16/turn               (no ring)
MPRegen 0.09/turn               (no ring)

@: tree-form, attractive
A: stationary, stasis, torment immunity, boosted hp, sickness immunity, AC +4,
negative energy resistance 1, (electricity resistance), torment resistance 1,
petrification resistance
a: no special abilities


You were on level 3 of the Dungeon.
You were a tree.
You visited 1 branch of the dungeon, and saw 3 of its levels.

You collected 84 gold pieces.

Inventory:

Hand Weapons
 a - a +0 war axe (weapon)
Missiles
 d - 3 throwing nets (quivered)
 e - a javelin
Armour
 b - a +0 leather armour
 c - a +0 helmet (melded)
 k - a +0 ring mail (melded)
Jewellery
 j - an amulet of reflection (around neck)
 q - a ring of protection from fire
Scrolls
 f - 6 scrolls of identify {unknown}
 i - 3 scrolls of teleportation {unknown}
 o - a scroll of magic mapping {unknown}
 p - a scroll of noise {unknown}
Potions
 l - a potion of curing
 r - a potion of brilliance {unknown}


   Skills:
 + Level 3.1 Fighting
 + Level 3.3 Axes
 + Level 2.5 Throwing
 + Level 1.9 Armour
 + Level 3.0 Dodging
 + Level 0.7 Shields


You had 4 spell levels left.
You didn't know any spells.
Your spell library contained the following spells:

 Spells                   Type           Power      Damage    Failure   Level
 Freeze                   Ice            0%         1d3       41%         1
 Frozen Ramparts          Ice            0%         1d1       78%         3
 Animate Dead             Necr           0%         N/A       99%         4
 Hailstorm                Conj/Ice       0%         3d3       99%         4
 Haunt                    Necr/Summ      0%         N/A       100%        7
 Infestation              Necr           0%         N/A       100%        8


Dungeon Overview and Level Annotations

Branches:
Dungeon (3/15)

Altars:

Shops:
D:1 *


Innate Abilities, Weirdness & Mutations

You are a tree.
Your roots penetrate the ground, keeping you stationary.
You cannot be teleported.
You are immune to unholy pain and torment.
Your maximum health is greatly increased.
Your equipment is partially melded.
You are immune to sickness and miasma.
((Your stone body is resilient. (AC +4)))
You are immune to poison.
You resist negative energy. (rN+)
((You are resistant to electric shocks. (rElec)))
You are resistant to unholy torment.
You are immune to petrification.


Message History

The orc hits you with a +2 hand axe of venom.
You completely miss the orc. You closely miss the orc. You barely miss the orc.
You feel less confused. The orc hits you but does no damage.
You block the orc's attack. x2
You barely miss the orc. You closely miss the orc.
You hit the orc but do no damage. You miss something. Something hits you.
The orc hits you with a +2 hand axe of venom.
The orc barely misses you. The orc misses you.
You hit the orc but do no damage. You hit the orc.
You kill the orc!
You closely miss the orc. You barely miss the orc. You closely miss something.
Something hits you but does no damage. You block the orc's attack.
The orc hits you but does no damage. The orc closely misses you.
You hear some strange, mumbled words.
A puff of flame appears from out of thin air!
The puff of flame hits you!
* * * LOW HITPOINT WARNING * * *
The orc hits you but does no damage. The orc hits you with a +0 short sword.
* * * LOW HITPOINT WARNING * * *
The orc barely misses you.
It was a potion of flight.
You feel very buoyant.
You fly up into the air.
Something hits you but does no damage. The orc hits you but does no damage.
The orc closely misses you. You block the orc's attack.
It was a potion of curing.
You feel better. Something hits you but does no damage.
The orc barely misses you. You block the orc's attack.
The orc hits you with a +0 whip.
It was a potion of attraction.
You feel attractive to monsters. Something hits you.
* * * LOW HITPOINT WARNING * * *
The orc barely misses you. The orc hits you but does no damage. x2
It was a potion of lignification.
You turn into a tree.
Your +0 helmet melds into your body.
Your +0 ring mail melds into your body.
Your roots penetrate the ground.
Something hits you but does no damage. The orc hits you but does no damage. x3
It was a potion of magic.
Magic courses through your body. Something hits you but does no damage.
You are electrocuted!!
You die...

#..# #...#.#.#
#.#.#.# #..#
#.....#.# #.#.# #
...#
........#####.#.#
....
................#
#...
.......!####.....
.........# #.....
.##.#?>..#
#.#....###.. #
#o♣)..>....
#{oo.......
#....###$#.
.....# # .....##
#...... #..#.##
#..#.#


You could see 3 orcs.

Vanquished Creatures
  Jessica (D:3)
  4 adders
  2 worms (D:2)
  2 dart slugs (D:2)
  An orc (D:3)
  7 ball pythons
  5 bats
  4 endoplasms
  4 giant cockroaches
  3 goblins (D:2)
  7 hobgoblins
  5 quokkas
  2 frilled lizards (D:1)
  4 kobolds
  5 rats
56 creatures vanquished.

Notes
Turn   | Place    | Note
-------+----------+-------------------------------------------
     0 | D:1      | GorkyZ the Gargoyle Gladiator began the quest for the Orb.
     0 | D:1      | Reached XP level 1. HP: 12/12 MP: 1/1
   178 | D:1      | Found Zura's General Store.
   258 | D:1      | Reached XP level 2. HP: 9/18 MP: 2/2
   413 | D:1      | Found a faded altar of an unknown god.
   700 | D:1      | Reached skill level 1 in Armour
   702 | D:1      | Reached XP level 3. HP: 22/22 MP: 3/3
  1448 | D:2      | Reached XP level 4. HP: 27/27 MP: 4/4
  2286 | D:3      | Noticed Jessica
  2290 | D:3      | Killed Jessica
  2291 | D:3      | Reached XP level 5. HP: 32/32 MP: 5/5
  2445 | D:3      | HP: 1/32 [orc/+0 short sword (2)]
  2450 | D:3      | Slain by an orc wizard

Illustrated notes

Levels and vault maps discovered:
D:1:      lemuel_arrival_funnel, layout_loops_ring, basic_ecumenical_altar,
          serial_shops, nicolae_shop_advertising_works
          [nicolae_subvault_shop_adworks], minmay_tromino_v7
D:2:      minmay_alternating_diamond, layout_loops_corners, minivault_14,
          amcnicky_mini_pool_small
D:3:      layout_loops_ring, uniq_jessica

Skill      XL: |  1  2  3  4  5 |
---------------+----------------+-----
Throwing       | 2 |  2.5
Armour         | 1 |  1.9
Axes           | 3 |  3.3
Fighting       | 3 |  3.1
Dodging        | 3 |  3.0
Shields        | |  0.7

Action                   |  1- 3 |  4- 6 || total
-------------------------+-------+-------++-------
Melee: War axe           |    93 |    47 ||   140
  Use: Potion            |       |     5 ||     5
Armor: Leather armour    |    26 |       ||    26
       Ring mail         |    12 |    28 ||    40
       Skin              |       |     5 ||     5
Dodge: Dodged            |    72 |    30 ||   102
Block: Other             |       |    10 ||    10
